 Dungeon Crawl Stone Soup version 0.28-a0-529-g3bad584f25 (webtiles) character file.

Game seed: 14806153735978139350

224 shoop the Magician (level 6, -7/40 HPs)
             Began as a Djinni Fire Elementalist on Sept 24, 2021.
             Was a Believer of Makhleb.
             Killed by divine providence
             ... invoked by an orc priest
              (15 damage)
             ... on level 3 of the Dungeon.
             The game lasted 00:06:14 (2770 turns).

shoop the Magician (Djinni Fire Elementalist)       Turns: 2770, Time: 00:06:16

Health: -7/40      AC:  6    Str:  7    XL:     6   Next: 20%
Gold:   93         EV: 12    Int: 18    God:    Makhleb [**....] SH:  0 Dex: 14

rFire   + + .      SeeInvis .   l - +2 whip (drain)
rCold   x . .      Faith    .   (no shield)
rNeg    . . .      Spirit   .   a - +0 robe
rPois   ∞          Reflect  .   (no helmet)
rElec   .          Harm     .   (no cloak)
rCorr   .          Rampage  .   (no gloves)
Will    .....                   (boots unavailable)
Stlth   ++........              (no amulet)
HPRegen 0.13/turn               i - +4 ring of protection
MPRegen 0.00/turn               (no ring)

@: flying
A: sickness immunity, fire resistance 2, cold vulnerability 1, float, innate
caster, hp casting, extra vitality 1
a: Renounce Religion, Minor Destruction


You were on level 3 of the Dungeon.
You worshipped Makhleb.
Makhleb was pleased with you.
You visited 1 branch of the dungeon, and saw 3 of its levels.

You collected 93 gold pieces.

Inventory:

Hand Weapons
 c - a +0 falchion
 l - a +2 whip of draining (weapon)
Armour
 a - a +0 robe (worn)
Jewellery
 i - a +4 ring of protection (left hand)
Scrolls
 b - 2 scrolls of teleportation {unknown}
 g - 2 scrolls of enchant weapon {unknown}
 h - a scroll of noise {unknown}
 m - a scroll of amnesia {unknown}
 n - 3 scrolls of identify {unknown}
 o - a scroll of holy word {unknown}
Potions
 d - a potion of curing {unknown}
 e - a potion of brilliance {unknown}
 f - 2 potions of might {unknown}
 j - a potion of resistance {unknown}
 k - 2 potions of flight {unknown}


   Skills:
 - Level 2.1 Dodging
 - Level 1.5 Stealth
 + Level 5.0 Spellcasting


You couldn't memorise any spells.
You knew the following spells:

 Your Spells              Type           Power      Damage    Failure   Level
a - Foxfire               Conj/Fire      88%        2x1d8     1%          1
b - Scorch                Fire           44%        2d7       2%          2
c - Conjure Flame         Conj/Fire      22%        6-21      4%          3
d - Inner Flame           Hex/Fire       22%        N/A       4%          3
e - Flame Wave            Conj/Fire      22%        3d6       17%         4
f - Animate Skeleton      Necr           44%        N/A       1%          1
g - Corpse Rot            Necr/Air       N/A        N/A       2%          2
Your spell library was empty.

Dungeon Overview and Level Annotations

Branches:
Dungeon (3/15)

Altars:
Makhleb


Innate Abilities, Weirdness & Mutations

You are immune to sickness and miasma.
You are immune to poison.
Your flesh is very heat resistant. (rF++)
You are vulnerable to cold. (rC-)
You float through the air rather than walking.
You learn spells naturally, not from books.
Your magical power is your life essence.
You have superior vitality. (+4 HP)


Message History

You feel better.
Casting: Scorch (safe; 2% risk of failure)
Confirm with . or Enter, or press ? or * to list all spells.
Flames lash the orc.
The orc is severely wounded.
The orc's fire resistance burns away.
The orc throws a boomerang.
The boomerang closely misses you.
Casting: Scorch (safe; 2% risk of failure)
Confirm with . or Enter, or press ? or * to list all spells.
You conjure some foxfire!
The orc is no longer more vulnerable to fire.
The foxfire hits the orc.
You kill the orc!
Makhleb accepts your kill.
You feel better.
The foxfire hits the orc wizard.
The orc wizard is severely wounded.
Casting: Foxfire (safe; 1% risk of failure)
Confirm with . or Enter, or press ? or * to list all spells.
You conjure some foxfire!
The foxfire hits the orc wizard.
You kill the orc wizard!
Makhleb accepts your kill.
The foxfire hits the orc priest.
The orc priest is moderately wounded.
Your Spellcasting skill increases to level 5!
Casting: Foxfire (safe; 1% risk of failure)
Confirm with . or Enter, or press ? or * to list all spells.
Flames lash the orc priest.
The orc priest is almost dead.
The orc priest's fire resistance burns away.
The orc priest calls down the wrath of Beogh upon you.
Pain shoots through your body!
* * * LOW HITPOINT WARNING * * *
Casting: Scorch (safe; 2% risk of failure)
Confirm with . or Enter, or press ? or * to list all spells.
You conjure some foxfire!
* * * LOW HITPOINT WARNING * * *
The orc priest calls down the wrath of Beogh upon you.
Beogh smites you!
You die...

##........##
...........######
##.......#......#
#.........####.#
#........## #.#
##.#.###.# #.#
#.#. #.# #.#
#.... #.#####.#
#..## #...v@v.#
###..## ######..#
.....# #..#
##...# #o.#
#....# #).#
#..#########).#
#......oo.....#
##o#######...##
#.# #.#.#


You could see an orc priest (combustible, ally target).

Vanquished Creatures
  A black bear (D:2)
  An orc wizard (D:3)
  3 adders
  A worm (D:2)
  2 dart slugs
  3 orcs (D:3)
  8 ball pythons
  4 bats
  10 endoplasms
  A giant cockroach (D:1)
  5 goblins
  3 hobgoblins
  4 jackals (D:2)
  4 quokkas
  7 frilled lizards
  9 kobolds
  A quokka zombie (D:3)
  6 rats
73 creatures vanquished.

Vanquished Creatures (others)
  158 foxfires
158 creatures vanquished.

Grand Total: 231 creatures vanquished

Notes
Turn   | Place    | Note
-------+----------+-------------------------------------------
     0 | D:1      | shoop the Djinni Fire Elementalist began the quest for the
                  | Orb.
     0 | D:1      | Reached XP level 1. HP: 15/15 MP: 0/0
   341 | D:1      | Reached XP level 2. HP: 19/21 MP: 0/0
   500 | D:1      | Reached skill level 3 in Spellcasting
   683 | D:1      | Found a faded altar of an unknown god.
   686 | D:1      | Became a worshipper of Makhleb the Destroyer
   686 | D:1      | Reached * piety under Makhleb
   866 | D:1      | Reached XP level 3. HP: 23/25 MP: 0/0
   866 | D:1      | Learned a level 1 spell: Animate Skeleton
  1483 | D:2      | Reached XP level 4. HP: 31/31 MP: 0/0
  1702 | D:2      | Noticed a black bear
  1719 | D:2      | Killed a black bear
  1720 | D:2      | Reached skill level 4 in Spellcasting
  1720 | D:2      | Reached XP level 5. HP: 31/35 MP: 0/0
  1720 | D:2      | Learned a level 2 spell: Corpse Rot
  1907 | D:2      | Reached ** piety under Makhleb
  2660 | D:3      | Reached XP level 6. HP: 38/40 MP: 0/0
  2769 | D:3      | Reached skill level 5 in Spellcasting
  2770 | D:3      | Killed from afar by an orc priest

Illustrated notes

Levels and vault maps discovered:
D:1:      matt_arrival_spirals, layout_loops_cross,
          shapermc_ecumenical_altar_mp_ritualfount
D:2:      layout_basic
D:3:      minmay_chambers_of_threes, layout_loops_ring,
          nicolae_tso_swordbearing_angel, evilmike_ruin_ashenzari, serial_shops,
          nicolae_shop_stone

Skill      XL: |  1  2  3  4  5  6 |
---------------+-------------------+-----
Spellcasting   | 3 4 5 |  5.0
Dodging        | |  2.1
Stealth        | |  1.5

Action                   |  1- 3 |  4- 6 || total
-------------------------+-------+-------++-------
Melee: Unarmed           |     1 |       ||     1
       Falchion          |     2 |       ||     2
       Whip              |     1 |     5 ||     6
 Cast: Foxfire           |    45 |    51 ||    96
       Scorch            |     1 |    14 ||    15
Armor: Robe              |     4 |     9 ||    13
Dodge: Dodged            |     5 |    16 ||    21

Table legend: (Time is in decaauts)
 A = Elapsed time spent in this place.
 B = Non-inter-level travel time spent in this place.
 C = Inter-level travel time spent in this place.
 D = Time resting spent in this place.
 E = Time spent auto-exploring this place.
 F = Levels seen in this place.
 G = Mean time per level.
                   A        B        C        D        E       F      G
               +--------+--------+--------+--------+--------+-----+--------+
         Total |   2769 |   2719 |     50 |     15 |   2326 |   3 |  923.0 |
       Dungeon |   2769 |   2719 |     50 |     15 |   2326 |   3 |  923.0 |
               +--------+--------+--------+--------+--------+-----+--------+

Top non-repeatable levels by time:
     D:2: 1224 daAuts
     D:1: 1148 daAuts
     D:3: 396 daAuts
